 Dungeon Crawl Stone Soup version 0.18.1-5-g4a78601 (webtiles) character file.

152 epen the Ducker (level 5, -2/43 HPs)
             Began as a Demonspawn Gladiator on May 13, 2016.
             Killed from afar by Sigmund (11 damage)
             ... with a puff of flame
             ... on level 3 of the Dungeon.
             The game lasted 00:03:53 (2603 turns).

epen the Ducker (Demonspawn Gladiator)              Turns: 2603, Time: 00:03:53

Health: -2/43      AC:  7    Str: 16    XL:     5   Next: 11%
Magic:  5/5        EV: 11    Int: 10    God:
Gold:   190        SH:  3    Dex: 13    Spells: 0 memorised, 4 levels left

rFire  . . .     SeeInvis .     a - +0 long sword
rCold  . . .     Gourm    .     y - -2 ring mail (curse)
rNeg   . . .     Faith    .     A - +0 buckler
rPois  .         Spirit   .     l - +1 helmet
rElec  .         Dismiss  .     (no cloak)
rCorr  .         Reflect  .     (no gloves)
SustAt .         Harm     .     (no boots)
MR     .....                    (no amulet)
Stlth  +.........               (no ring)
                                (no ring)

@: not resistant to hostile enchantments, very unstealthy
A: rugged brown scales 2
a: no special abilities


You were on level 3 of the Dungeon.
You were hungry.

You visited 1 branch of the dungeon, and saw 3 of its levels.

You collected 190 gold pieces.

Inventory:

Hand Weapons
 a - a +0 long sword (weapon)
Missiles
 d - 3 throwing nets (quivered)
Armour
 b - a +0 leather armour
 c - a +0 helmet
 l - a +1 helmet (worn)
 n - a +0 ring mail
 v - a +0 scale mail
 y - a cursed -2 ring mail (worn)
 A - a +0 buckler (worn)
Jewellery
 g - an uncursed ring of ice
 m - a cursed ring of teleportation {unknown}
 z - an uncursed ring of flight {unknown}
Scrolls
 h - 2 scrolls of amnesia {unknown}
 i - 2 scrolls of magic mapping {unknown}
 k - 2 scrolls of recharging {unknown}
 r - 3 scrolls of remove curse {unknown}
 s - 2 scrolls of identify {unknown}
 t - 2 scrolls of immolation {unknown}
 u - a scroll of random uselessness {unknown}
Potions
 e - 2 potions of haste {unknown}
 j - 2 potions of cure mutation {unknown}
 o - a potion of might {unknown}
 p - a potion of flight {unknown}
 q - a potion of agility {unknown}
 w - a potion of brilliance {unknown}
 x - a potion of resistance {unknown}
Comestibles
 f - 3 bread rations
 B - a beef jerky


   Skills:
 + Level 3.1 Fighting
 * Level 3.6 Long Blades
 - Level 1.7 Throwing
 + Level 1.5 Armour
 * Level 3.6 Dodging


You had 4 spell levels left.
You didn't know any spells.

Dungeon Overview and Level Annotations

Branches:
Dungeon (3/15)

Altars:
Qazlal
Sif Muna
Trog

Annotations:
D:3 Sigmund


Innate Abilities, Weirdness & Mutations

You are mostly covered in rugged brown scales (AC +2, +5% HP).


Message History

You are more confused.
You're too confused to move!
Sigmund laughs darkly.
You're too confused!
You bump into the rock wall.
You're too confused to move!
Sigmund points at you and mumbles some strange words.
You are more confused.
Sigmund closely misses you.
You bump into the rock wall.
Sigmund points at you and mumbles some strange words.
The puff of flame hits you!
* * * LOW HITPOINT WARNING * * *
You bump into the rock wall.
Sigmund barely misses you.
You feel less confused. Sigmund gestures at you while chanting.
The magic dart hits you! Sigmund casts a spell at you.
The puff of flame hits you!
You die...

######.###
.........#
#.#
######.#.#
#.# #.#.# #.#
#.#.# #.#
#.#.# #.#
#.#.. #.#
#.###
##########.#
#.#
#.@...@....#
#.#
#.########.##
#.# ...
##...## #.#
#.## #@###.#
#.# #>
#.###.# #.# #
#.#.#.#
######.#
##.#.##
.......# ###
##.###.##
########
.....####.##
##.#


You could see Sigmund.

Vanquished Creatures
  An orc wizard (D:3)
  An orc priest (D:3)
  An adder (D:2)
  An ooze (D:2)
  2 worms
  3 giant geckos
  6 orcs
  4 giant cockroaches
  5 goblins
  5 hobgoblins
  11 kobolds
  2 quokkas
  7 bats
  3 giant newts
  15 rats
67 creatures vanquished.

Notes
Turn   | Place    | Note
--------------------------------------------------------------
     0 | D:1      | epen the Demonspawn Gladiator began the quest for the Orb.
     0 | D:1      | Reached XP level 1. HP: 16/16 MP: 1/1
   177 | D:1      | Gained mutation: You are partially covered in rugged brown scales (AC +1, +3% HP). [demonic ancestry]
   177 | D:1      | Reached XP level 2. HP: 13/22 MP: 2/2
   952 | D:2      | Reached skill level 1 in Armour
   952 | D:2      | Reached XP level 3. HP: 24/28 MP: 3/3
  1339 | D:2      | Found a deep blue altar of Sif Muna.
  1435 | D:2      | Found a stormy altar of Qazlal.
  1831 | D:2      | Found a bloodstained altar of Trog.
  1913 | D:3      | Gained mutation: You are mostly covered in rugged brown scales (AC +2, +5% HP). [demonic ancestry]
  1913 | D:3      | Reached XP level 4. HP: 27/35 MP: 4/4
  2105 | D:3      | Reached XP level 5. HP: 16/43 MP: 5/5
  2560 | D:3      | Noticed Sigmund
  2603 | D:3      | Killed from afar by Sigmund

Skill      XL: |  1  2  3  4 |
---------------+-------------+-----
Dodging        | 3 |  3.6
Armour         | 1 |  1.5
Long Blades    | 3 |  3.6
Fighting       | 3 |  3.1
Throwing       | |  1.7

Action                   |  1- 3 |  4- 6 || total
-------------------------+-------+-------++-------
Melee: Long sword        |   159 |    73 ||   232
 Stab: Sleeping          |     1 |       ||     1
  Eat: Chunk             |     3 |     2 ||     5
Armor: Leather armour    |    24 |       ||    24
       Ring mail         |    55 |    30 ||    85
       Scale mail        |     3 |       ||     3
Dodge: Dodged            |   125 |    33 ||   158
Block: Buckler           |       |     6 ||     6
